Map: 2000 Atmospheres LE

Players

A.I. 2 (Very Easy) - Winner!

  • Race: Terran Terran

trigger

  • Race: Protoss Protoss
  • League: Grandmaster

VOD

Have the link to the VOD?

Description

Time

  • Played on: March 8, 2022, 8:54 p.m.
  • Length: 7:33
Show
View Real Time Build Order
Export as new Build Order

A.I. 2 (Very Easy) Terran - Winner!

Build Orders:  

Get SALT Encoding   

  12  0:00  SCV  
  13  0:13  SCV  
  14  0:18  Supply Depot  
  14  0:37  Refinery  
  14  0:42  Barracks  
  14  1:03  Supply Depot  
  14  1:11  Refinery  
  14  1:29  Orbital Command  
  14  1:30  Barracks Tech Lab  
  14  1:48  Marine  
  16  1:54  SCV  
  16  2:06  SCV  
  17  2:18  SCV  
  18  2:30  SCV, Marine  
  20  2:42  SCV  
  21  2:54  SCV  
  24  3:13  Marauder  
  24  5:23  Marine  
  24  5:25  Supply Depot  
  23  5:52  Marauder  
  25  6:16  SCV  
  25  6:20  Marine  
  26  6:27  Factory  
  26  6:28  SCV  
  26  6:30  Supply Depot  
  27  6:33  Command Center  
  24  6:40  SCV  
  23  6:49  Marauder  
  23  6:52  SCV  
  25  7:05  SCV  
  26  7:15  Starport  
  25  7:17  SCV  
Show
View Real Time Build Order
Export as new Build Order

trigger Protoss 

Build Orders: 1 Gate Expand, Blink Stalkers, Colossus Rush 

Get SALT Encoding   

  12  0:00  Probe  
  13  0:12  Probe  
  14  0:16  Pylon  
  14  0:24  Probe (Chrono Boost)  
  15  0:35  Gateway  
  16  0:36  Probe (Chrono Boost)  
  16  0:41  Probe (Chrono Boost)  
  17  0:45  Assimilator  
  17  0:50  Probe  
  18  1:03  Probe  
  19  1:15  Probe  
  20  1:22  Cybernetics Core  
  20  1:32  Nexus  
  20  1:34  Probe  
  21  1:41  Pylon  
  21  1:46  Probe  
  22  1:51  Assimilator  
  22  1:57  Adept (Chrono Boost)  
  22  1:58  Probe  
  22  2:00  Warp Gate  
  25  2:10  Probe (Chrono Boost)  
  26  2:20  Stalker  
  26  2:22  Probe (Chrono Boost)  
  29  2:30  Probe (Chrono Boost)  
  29  2:33  Twilight Council  
  30  2:38  Probe (Chrono Boost)  
  31  2:44  Probe (Chrono Boost)  
  31  2:45  Gateway  
  33  2:53  Probe x2 (Chrono Boost)  
  34  2:58  Probe (Chrono Boost)  
  34  3:01  Probe  
  36  3:10  Probe (Chrono Boost), Blink  
  37  3:18  Probe (Chrono Boost)  
  38  3:20  Robotics Facility  
  38  3:22  Probe (Chrono Boost)  
  38  3:23  Pylon  
  38  3:27  Probe x2 (Chrono Boost)  
  41  3:37  Probe x2  
  43  3:48  Stalker x2  
  43  3:49  Probe  
  43  3:50  Probe  
  43  3:54  Nexus  
  49  3:59  Pylon  
  49  4:01  Probe  
  50  4:02  Assimilator  
  50  4:04  Assimilator  
  50  4:07  Observer (Chrono Boost)  
  50  4:08  Probe  
  52  4:12  Stalker  
  54  4:17  Probe  
  54  4:19  Stalker  
  54  4:21  Pylon  
  54  4:22  Probe  
  58  4:29  Probe  
  59  4:34  Probe  
  59  4:36  Robotics Bay  
  59  4:37  Forge  
  60  4:41  Probe  
  61  4:46  Probe  
  61  4:47  Gateway  
  61  4:49  Gateway  
  62  4:53  Probe (Chrono Boost), Observer (Chrono Boost)  
  65  5:04  Probe (Chrono Boost)  
  65  5:05  Probe (Chrono Boost)  
  66  5:10  Probe (Chrono Boost), Protoss Ground Weapons Level 1  
  66  5:13  Probe (Chrono Boost)  
  69  5:16  Probe (Chrono Boost), Gateway x2  
  69  5:17  Probe (Chrono Boost)  
  69  5:21  Colossus (Chrono Boost)  
  70  5:22  Probe (Chrono Boost)  
  70  5:24  Probe  
  70  5:25  Probe  
  79  5:28  Extended Thermal Lance  
  79  5:33  Pylon  
  79  5:34  Probe  
  80  5:36  Pylon  
  80  5:38  Probe  
  80  5:39  Pylon  
  80  5:42  Probe  
  82  5:47  Charge, Shield Battery  
  82  5:49  Sentry  
  84  5:53  Gateway  
  84  5:55  Gateway  
  84  5:57  Observer  
  84  5:58  Pylon  
  84  6:02  Zealot x3  
  90  6:07  Colossus (Chrono Boost)  
  96  6:12  Zealot x2  
  96  6:14  Zealot  
  102  6:21  Assimilator  
  102  6:22  Probe  
  102  6:23  Probe x2  
  105  6:26  Assimilator, Zealot x2  
  105  6:27  Sentry  
  111  6:35  Probe  
  111  6:36  Probe  
  111  6:37  Probe  
  114  6:42  Zealot  
  114  6:46  Pylon  
  116  6:49  Pylon  
  116  6:51  Pylon  
  116  6:58  Templar Archives  
  116  7:00  Nexus  
  116  7:03  Pylon  
  116  7:05  Zealot  
  124  7:12  Zealot  
  124  7:13  Zealot x3  
  132  7:20  Gateway  
  132  7:22  Gateway, Shield Battery  
Tags
 
Add a new tag
Caveats
  • Supply blocks, unpowered buildings, or Contaminate may cause inaccurate times.
  • Supply counts are checked every 10 seconds.